 Dungeon Crawl Stone Soup version 0.31-a0-1074-g0b22e4e0f1 (webtiles) character file.

Game seed: 9166405737451505089

110 ytrimaz the Insei (level 4, -1/42 HPs)
             Began as an Octopode Shapeshifter on Dec 8, 2023.
             Succumbed to a water moccasin's poison
             ... in a sewer.
             The game lasted 00:02:16 (1989 turns).

ytrimaz the Insei (Octopode Shapeshifter)           Turns: 1989, Time: 00:02:17

Health: -1/42      AC: 22    Str: 13    XL:     4   Next: 91%
Magic:  4/4        EV:  2    Int: 18    God:
Gold:   64         SH:  0    Dex: 13    Spells: 3/3 levels left

rFire   . .          .
                       - Unarmed
rCold   . . .        (no shield)
rNeg    . . .        (helmet currently unavailable)
rPois   +            (no amulet)
rElec   .            h - +6 ring of intelligence
rCorr   .            (no ring)
SInv    .            (no ring)
Will    .....        (no ring)
Stlth   +            (no ring)
HPRegen 0.27/turn    (no ring)
MPRegen 0.09/turn    (no ring)
                     (no ring)

%: no passive effects
@: lethally poisoned (-1 -> -14), tree-form, very slow
A: stationary, stasis, torment immunity, boosted hp, almost no armour,
(amphibious), 8 rings, (camouflage 1), (gelatinous body 1), (nimble swimmer 1),
(tentacles)
a: no special abilities


You were in a sewer.
You were a tree.
You visited 1 branch of the dungeon, and saw 3 of its levels.
You also visited: Sewer.

You collected 64 gold pieces.


Innate Abilities, Weirdness & Mutations

You are a tree.
Your roots penetrate the ground, keeping you stationary.
You cannot be teleported.
You are immune to unholy pain and torment.
Your maximum health is greatly increased.
You cannot wear most types of armour.
((You are amphibious.))
You can wear up to eight rings at the same time.
((Your skin changes colour to match your surroundings (Stealth+).))
((Your rubbery body absorbs attacks. (AC +1, EV +1)))
((You are camouflaged when in or above water. (Stealth+)))
((You have tentacles for arms and can constrict up to eight enemies at once.))


   Skills:
 - Level 1.0 Fighting
 - Level 2.0 Dodging
 + Level 5.4 Unarmed Combat
 - Level 3.0 Shapeshifting


You had 3 spell levels left.
You didn't know any spells.
Your spell library was empty.

Inventory:

Jewellery
 h - a +6 ring of intelligence (left branch)
   (You found it on level 2 of the Dungeon)
Talismans
 b - a beast talisman
 c - a flux talisman
Scrolls
 d - 3 scrolls of identify {unknown}
 e - a scroll of noise {unknown}
 g - a scroll of amnesia {unknown}
 i - a scroll of butterflies {unknown}
 j - a scroll of enchant armour {unknown}
Potions
 f - 2 potions of attraction {unknown}

Dungeon Overview and Level Annotations

Branches:
Dungeon (3/15) Zot: 16112   Sewer (1/1) Zot: 5909

Altars:

#########
#$)#S#$$#
#).#♣#.)#
#.~.#
##~..##
#.....#
##.~~..#
#...#...#
##.~###~.##
#..~# ...#
#.~## #~.#


You could see a water moccasin.


Message History

There is a glowing drain here. 😕 HP[+1] Unknown command.
The worm closely misses you.
You bludgeon the worm! Your grab misses the worm. You squeeze the worm.
You tentacle-slap the worm. You grab the worm. You squeeze the worm!
You kill the worm! 😕 HP[+1] Unknown command.
No target in view! 😕 HP[+1]
There is a glowing drain here.
The world spins around you as you enter the gateway.
You enter a sewer!
Found a gate leading back out of this place.
There is an empty arch of ancient stone here. 😕 HP[+1]
You enter the shallow water. 2 jackals come into view. 😎 HP[+2]
Your hp is fully restored (28).
Unknown command.
There are monsters nearby!
There are monsters nearby!
There are monsters nearby!
The helpless jackal fails to defend itself.
You tentacle-slap the jackal. Your grab misses the jackal.
The jackal completely misses you.
You tentacle-slap the jackal.
You kill the jackal!
The jackal barks!
The jackal bites you. 😕 HP[-3]
You take 3 damage, and now have 25/28 hp.
You miss the jackal. Your grab misses the jackal. The jackal barely misses you.
You tentacle-slap the jackal.
You kill the jackal!
Unknown command.
No target in view!
j - a scroll labelled QUGHEQ NAKIAQ 😎 HP[+3]
Your hp is fully restored (28).
You enter the shallow water.
You enter the shallow water.
You enter the shallow water.
Key pressed, stopping explore.
No target in view!
You enter the shallow water.
You enter the shallow water.
You enter the shallow water.
A water moccasin comes into view.
A water moccasin is nearby!
You enter the shallow water.
A water moccasin is nearby!
A water moccasin is nearby!
You enter the shallow water.
A water moccasin is nearby!
You enter the shallow water.
The water moccasin hisses angrily.
The water moccasin barely misses you.
The water moccasin completely misses you.
You bludgeon the water moccasin! Your grab misses the water moccasin.
Your squeeze misses the water moccasin. The water moccasin bites you!
You are poisoned.
The water moccasin poisons you! 😮 HP[-7]
You take 7 damage, and now have 21/28 hp.
MASSIVE DAMAGE!! (PAUSE)
You barely miss the water moccasin. Your grab misses the water moccasin.
You feel very sick. The water moccasin bites you.
You are lethally poisoned!
The water moccasin poisons you! 😮 HP[-5]
You take 5 damage, and now have 16/28 hp.
You barely miss the water moccasin. Your grab misses the water moccasin.
* * * LOW HITPOINT WARNING * * *
You feel very sick. The water moccasin bites you.
* * * LOW HITPOINT WARNING * * *
The water moccasin misses you. 😱 HP[-10]
You take 10 damage, and now have 6/28 hp.
MASSIVE DAMAGE!! (PAUSE)
Your transformation has ended.
You turn into a tree.
Your roots penetrate the ground.
* * * LOW HITPOINT WARNING * * *
You feel very sick.
The water moccasin bites you but does no damage. 😱 HP[-2]
You now have 42 max hp (+14).
Unknown command.
You barely miss the water moccasin.
* * * LOW HITPOINT WARNING * * *
You feel very sick.
The water moccasin bites you but does no damage. 😱 HP[-2]
You take 2 damage, and now have 2/42 hp.
You barely miss the water moccasin.
You die...

Skill      XL: |  1  2  3  4 |
---------------+-------------+-----
Unarmed Combat | 4 5 |  5.4
Fighting       | |  1.0
Dodging        | |  2.0
Shapeshifting  | |  3.0

Action                     |  1- 3 |  4- 6 || total
---------------------------+-------+-------++-------
  Melee: Unarmed           |    77 |    41 ||   118
         Constrict         |    18 |     8 ||    26
         Tentacles         |     9 |     7 ||    16
         Punch             |     2 |       ||     2
    Use: Potion            |       |     1 ||     1
   Stab: Sleeping          |     4 |     2 ||     6
 Armour: Skin              |    37 |    15 ||    52
  Dodge: Dodged            |    36 |    24 ||    60

Levels and vault maps discovered:
D:1:      dpeg_arrival_fog, layout_basic, serial_forest,
          infiniplex_forest_lined_room_, infiniplex_forest_clump_diagonal,
          infiniplex_forest_clump_diagonal, infiniplex_forest_lined_corner,
          infiniplex_forest_zigzag_2, infiniplex_forest_end_2,
          infiniplex_forest_end_3, ebering_ecumenical_altar_sacrificial
D:2:      layout_basic, uniq_robin, uniq_terence
D:3:      layout_loops_ring, yredelemnul_altar_generic,
          cheibrodos_sewer_entry_sluice
Sewer:    sewer_the_moccasin

Notes
Turn   | Place    | Note
-------+----------+-------------------------------------------
     0 | D:1      | ytrimaz the Octopode Shapeshifter began the quest for the
                  | Orb.
     0 | D:1      | Reached XP level 1. HP: 13/13 MP: 1/1
     0 | D:1      | magus.rc [v1.9.6]
   251 | D:1      | Reached XP level 2. HP: 18/18 MP: 2/2
   473 | D:1      | Reached skill level 4 in Unarmed Combat
   495 | D:1      | Reached XP level 3. HP: 20/23 MP: 3/3
   869 | D:1      | Found a faded altar of an unknown god.
  1024 | D:2      | Noticed Robin
  1050 | D:2      | Killed Robin
  1063 | D:2      | Reached XP level 4. HP: 15/28 MP: 4/4
  1347 | D:2      | Reached skill level 5 in Unarmed Combat
  1493 | D:2      | Noticed Terence
  1502 | D:2      | Killed Terence
  1871 | D:3      | Found a glowing drain.
  1897 | Sewer    | Entered a sewer
  1977 | Sewer    | Noticed a water moccasin
  1986 | Sewer    | HP: 6/28 [water moccasin (5)]
  1988 | Sewer    | HP: 2/42 [poisoned by a water moccasin]
  1989 | Sewer    | Succumbed to a water moccasin's poison

Vanquished Creatures
  Terence (D:2)
  Robin (D:2)
  3 worms
  2 dart slugs
  2 endoplasms
  3 giant cockroaches
  12 goblins
  7 hobgoblins
  4 jackals
  4 kobolds
  A quokka (D:1)
  6 ball pythons
  7 bats
  5 rats
58 creatures vanquished.

Table legend:
 A = Non-vault XP
 B = Vault XP
 C = Vault XP percentage of total XP
 D = Non-vault monster count
 E = Vault monster count
 F = Vault count percentage of total count
                 A         B        C        D         E       F
            +---------+---------+-------+---------+---------+-------
      Total |      71 |      87 |  55.1 |      41 |      17 |  29.3
            +---------+---------+-------+---------+---------+-------
        D:1 |      46 |       0 |   0.0 |      28 |       0 |   0.0
        D:2 |      24 |      71 |  74.7 |      12 |      12 |  50.0
        D:3 |       1 |      12 |  92.3 |       1 |       3 |  75.0
      Sewer |       0 |       4 | 100.0 |       0 |       2 | 100.0
            +---------+---------+-------+---------+---------+-------

Skill      XL: |  1  2  3  4 |
---------------+-------------+-----
Unarmed Combat | 4 5 |  5.4
Fighting       | |  1.0
Dodging        | |  2.0
Shapeshifting  | |  3.0

Action                     |  1- 3 |  4- 6 || total
---------------------------+-------+-------++-------
  Melee: Unarmed           |    77 |    41 ||   118
         Constrict         |    18 |     8 ||    26
         Tentacles         |     9 |     7 ||    16
         Punch             |     2 |       ||     2
    Use: Potion            |       |     1 ||     1
   Stab: Sleeping          |     4 |     2 ||     6
 Armour: Skin              |    37 |    15 ||    52
  Dodge: Dodged            |    36 |    24 ||    60

Illustrated notes

Table legend:
 A = Kills in this place as a percentage of kills in the entire game.
 B = Kills by you in this place as a percentage of kills by you in the entire game.
 C = Kills by friends in this place as a percentage of kills by friends in the entire game.
 D = Other kills in this place as a percentage of other kills in the entire game.
 E = Experience gained in this place as a percentage of experience gained in the entire game.
 F = Experience gained in this place divided by the number of levels of this place that you have seen.
                   A       B       C       D       E      F
               +-------+-------+-------+-------+-------+----------------------
         Total | 100.0 | 100.0 |   N/A |   N/A | 100.0 |  39.5
       Dungeon |  96.6 |  96.6 |   N/A |   N/A |  97.5 |  51.3
         Sewer |   3.4 |   3.4 |   N/A |   N/A |   2.5 |   4.0
               +-------+-------+-------+-------+-------+----------------------

Table legend: (Time is in decaauts)
 A = Elapsed time spent in this place.
 B = Non-inter-level travel time spent in this place.
 C = Inter-level travel time spent in this place.
 D = Time resting spent in this place.
 E = Time spent auto-exploring this place.
 F = Levels seen in this place.
 G = Mean time per level.
                   A        B        C        D        E       F      G
               +--------+--------+--------+--------+--------+-----+--------+
         Total |   1978 |   1929 |     49 |      0 |   1570 |   4 |  494.5 |
       Dungeon |   1887 |   1838 |     49 |      0 |   1503 |   3 |  629.0 |
         Sewer |     90 |     90 |      0 |      0 |     67 |   1 |   90.0 |
               +--------+--------+--------+--------+--------+-----+--------+

Top non-repeatable levels by time:
     D:1: 1013 daAuts
     D:2: 828 daAuts
   Sewer: 90 daAuts
     D:3: 45 daAuts
